 Dungeon Crawl Stone Soup version 0.25-a0-632-g7713895373 (webtiles) character file.

Game seed: 17641564552169891168, levelgen mode: deterministic

129 mopl the Skirmisher (level 5, -1/57 HPs)
             Began as an Ogre Fighter on Mar 19, 2020.
             Slain by Sigmund
             ... wielding a +0 scythe
              (9 damage)
             ... on level 2 of the Dungeon.
             The game lasted 00:02:00 (1900 turns).

mopl the Skirmisher (Ogre Fighter)                  Turns: 1900, Time: 00:02:00

Health: -1/57      AC:  3    Str: 20    XL:     5   Next: 12%
Magic:  5/5        EV:  8    Int:  9    God:
Gold:   96         SH:  8    Dex:  9    Spells: 4/4 levels left

rFire    . . .     SeeInvis .   a - +0 flail
rCold    . . .     Gourm    .   c - +0 kite shield
rNeg     . . .     Faith    .   b - +0 robe
rPois    .         Spirit   .   (helmet restricted)
rElec    .         Reflect  .   (no cloak)
rCorr    .         Harm     .   (gloves unavailable)
MR       .....                  (boots unavailable)
Stlth    +.........             p - amulet of rage
HPRegen  0.19/turn              (no ring)
MPRegen  0.09/turn              (no ring)

@: lethally poisoned (-1 -> -1), berserk cooldown, slowed, very slow
A: large, unfitting armour, tough skin 1
a: Evoke Berserk Rage


You were on level 2 of the Dungeon.
You were very hungry.

You visited 1 branch of the dungeon, and saw 2 of its levels.

You collected 96 gold pieces.

Inventory:

Hand Weapons
 a - a +0 flail (weapon)
Missiles
 e - 57 stones (quivered)
Armour
 b - a +0 robe (worn)
 c - a +0 kite shield (worn)
Jewellery
 l - an uncursed amulet of magic regeneration
 p - an amulet of rage (around neck)
Scrolls
 g - 2 scrolls of magic mapping {unknown}
 h - 3 scrolls of identify {unknown}
 i - a scroll of fear {unknown}
 k - 2 scrolls of enchant weapon {unknown}
 n - a scroll of remove curse {unknown}
Potions
 d - a potion of might
 j - a potion of berserk rage {unknown}
 m - 2 potions of heal wounds {unknown}
 o - a potion of ambrosia {unknown}
 r - a potion of lignification {unknown}
Comestibles
 f - a ration


   Skills:
 + Level 5.0 Fighting
 * Level 3.4 Maces & Flails
 + Level 1.9 Throwing
 - Level 2.6 Dodging
 - Level 2.6 Shields
 + Level 0.6 Evocations


You had 4 spell levels left.
You didn't know any spells.
Your spell library was empty.

Dungeon Overview and Level Annotations

Branches:
Dungeon (2/15)

Altars:
Uskayaw

Annotations:
D:2 Sigmund


Innate Abilities, Weirdness & Mutations

You are too large for most types of armour.
You have tough skin. (AC +1)


Message History

a +0 club; a hobgoblin corpse; an adder corpse You feel a strong urge to attack something.
You feel sick. Something hits you.
You feel your anger nearly subside.
You are no longer berserk.
You are exhausted.
You feel yourself slow down.
You feel sick.
A magic dart appears from out of thin air!
The magic dart hits you! Something hits you.
You miss something.
You feel sick.
You hear some strange, mumbled words.
A puff of flame appears from out of thin air!
The puff of flame misses you. Something hits you!
You closely miss something. Something hits you!
You closely miss something.
You feel sick. Something hits you!
* * * LOW HITPOINT WARNING * * *
You hit something but do no damage. Something hits you!
You die...

############
#...........
#.########## #.# #
####.###### #
#..........#
#######.##.#####.#
##.......##.#
#....@{..)..#
#..########## #..#
#..# #.{. #.#. #.
.. #. .. ## ..#


There were no monsters in sight!

Vanquished Creatures
  Natasha (D:2)
  Terence (D:2)
  3 adders (D:2)
  An ooze (D:1)
  3 worms (D:2)
  3 dart slugs
  A leopard gecko (D:1)
  3 bats
  2 giant cockroaches (D:1)
  4 goblins
  3 hobgoblins
  3 jackals (D:1)
  2 frilled lizards (D:2)
  4 kobolds
  4 rats (D:1)
38 creatures vanquished.

Notes
Turn   | Place    | Note
-------+----------+-------------------------------------------
     0 | D:1      | mopl the Ogre Fighter began the quest for the Orb.
     0 | D:1      | Reached XP level 1. HP: 24/24 MP: 1/1
    27 | D:1      | Reached skill level 2 in Maces & Flails
    39 | D:1      | Reached XP level 2. HP: 25/32 MP: 2/2
   516 | D:1      | Reached skill level 1 in Throwing
   868 | D:1      | Reached XP level 3. HP: 40/40 MP: 3/3
  1232 | D:2      | Noticed Terence
  1272 | D:2      | Killed Terence
  1272 | D:2      | Reached XP level 4. HP: 32/49 MP: 4/4
  1400 | D:2      | Reached skill level 3 in Maces & Flails
  1644 | D:2      | Found a hide-covered altar of Uskayaw.
  1684 | D:2      | Noticed Natasha
  1699 | D:2      | Killed Natasha
  1699 | D:2      | Reached skill level 5 in Fighting
  1699 | D:2      | Reached XP level 5. HP: 31/57 MP: 5/5
  1874 | D:2      | Noticed Sigmund
  1900 | D:2      | Slain by Sigmund

Levels and vault maps discovered:
D:1:      dpeg_arrival_line_fractal, layout_basic
D:2:      layout_loops_ring, old_standard_altar, uniq_terence, uniq_natasha,
          uniq_sigmund

Skill      XL: |  1  2  3  4 |
---------------+-------------+-----
Maces & Flails | 2 3 |  3.4
Throwing       | 1 |  1.9
Fighting       | 5 |  5.0
Dodging        | |  2.6
Shields        | |  2.6
Evocations     | |  0.6

Action                   |  1- 3 |  4- 6 || total
-------------------------+-------+-------++-------
Melee: Flail             |    90 |    61 ||   151
       Unarmed           |    28 |       ||    28
 Abil: Evoke Berserk Rag |       |     1 ||     1
 Stab: Sleeping          |       |     1 ||     1
  Eat: Chunk             |     1 |     2 ||     3
Armor: Robe              |    40 |    17 ||    57
Dodge: Dodged            |    63 |    22 ||    85
Block: Kite shield       |    40 |    17 ||    57

Table legend:
 A = Non-vault XP
 B = Vault XP
 C = Vault XP percentage of total XP
 D = Non-vault monster count
 E = Vault monster count
 F = Vault count percentage of total count
                 A         B        C        D         E       F
            +---------+---------+-------+---------+---------+-------
      Total |     118 |      67 |  36.2 |      36 |       2 |   5.3
            +---------+---------+-------+---------+---------+-------
        D:1 |      51 |       0 |   0.0 |      23 |       0 |   0.0
        D:2 |      67 |      67 |  50.0 |      13 |       2 |  13.3
            +---------+---------+-------+---------+---------+-------
